 Seeded DCSS version 0.29.0-11-gd7f09526c8 (webtiles) character file.

Game seed: 3121381558354691732 (custom seed)

522 purpskrrrp the Poker (level 7, 0/55 HPs)
             Began as a Formicid Hunter on Sept 6, 2022.
             Slain by a gnoll
             ... wielding a +0 halberd
              (9 damage)
             ... on level 4 of the Dungeon.
             The game lasted 00:05:34 (2372 turns).

purpskrrrp the Poker (Formicid Hunter)              Turns: 2372, Time: 00:05:35

Health: 0/55       AC:  5    Str: 23    XL:     7   Next: 46%
Magic:  7/7        EV: 12    Int:  9    God:
Gold:   253        SH:  0    Dex: 17    Spells: 6/6 levels left

rFire   . . .      SeeInvis +   e - +13 scythe of Curses {drain, Drain}
rCold   . . .      Faith    .   (no shield)
rNeg    . . .      Spirit   .   c - +0 leather armour
rPois   .          Reflect  .   (helmet unavailable)
rElec   .          Harm     .   i - +1 cloak {rCorr}
rCorr   +          Rampage  .   (no gloves)
Will    .....                   (no boots)
Stlth   ++........              (no amulet)
HPRegen 0.18/turn               f - +6 ring of strength
MPRegen 0.10/turn               (no ring)

@: no status effects
A: permanent stasis, dig shafts and tunnels, antennae 3, four strong arms
a: Dig, Shaft Self


You were on level 4 of the Dungeon.
You visited 1 branch of the dungeon, and saw 4 of its levels.

You collected 253 gold pieces.

Inventory:

Hand Weapons
 a - a +0 shortbow
 e - the +13 scythe of Curses (weapon) {drain, Drain}
   (You acquired it on level 1 of the Dungeon)

   A truly terrible weapon, it drains the life of any living foe it strikes.
   It inflicts powerful necromantic curses on any living foe it strikes.
   Drain:     It drains your maximum health when unequipped.
 j - a +2 vorpal shortbow
Missiles
 g - 4 throwing nets
Armour
 c - a +0 leather armour (worn)
 i - a +1 cloak of preservation (worn)
Jewellery
 f - a +6 ring of strength (left hand)
 q - an amulet of reflection
 s - a ring of positive energy
Scrolls
 b - a scroll of immolation
 d - 4 scrolls of identify {unknown}
 h - 2 scrolls of magic mapping {unknown}
 k - 2 scrolls of enchant weapon {unknown}
 m - 4 scrolls of amnesia {unknown}
 n - 3 scrolls of teleportation {unknown}
 o - a scroll of poison {unknown}
 t - a scroll of fear {unknown}
 w - 3 scrolls of noise {unknown}
 y - a scroll of vulnerability {unknown}
Potions
 l - a potion of magic {unknown}
 p - a potion of invisibility {unknown}
 r - a potion of heal wounds {unknown}
 u - a potion of flight {unknown}
 v - a potion of brilliance {unknown}
 x - a potion of curing {unknown}
 z - a potion of cancellation {unknown}
 A - a potion of attraction {unknown}
 B - a potion of ambrosia {unknown}


   Skills:
 + Level 4.5 Fighting
 * Level 4.6 Polearms
 - Level 4.2 Ranged Weapons
 + Level 3.4 Armour
 - Level 2.1 Dodging
 - Level 2.0 Stealth


You had 6 spell levels left.
You didn't know any spells.
Your spell library contained the following spells:

 Spells                   Type           Power      Damage    Failure   Level
 Sting                    Tmut/Pois      0%         1d3       43%         1
 Sublimation of Blood     Necr           0%         N/A       56%         2
 Petrify                  Tmut/Erth      0%         N/A       99%         4
 Irradiate                Conj/Tmut      0%         3d11      100%        5


Dungeon Overview and Level Annotations

Branches:
Dungeon (4/15)
 Temple: D:4-7

Altars:
Okawaru
Trog

Shops:
D:3 *


Innate Abilities, Weirdness & Mutations

You cannot be hasted, slowed, berserked, paralysed or teleported.
You can dig through walls and to a lower floor.
You have a pair of large antennae on your head. (SInv)
Your four strong arms can wield two-handed weapons with a shield.


Message History

The gnoll is almost dead.
The gnoll hits you from afar with a +0 halberd!
* * * LOW HITPOINT WARNING * * *
The gnoll misses you. The gnoll barely misses you.
The gnoll hits you from afar with a +0 halberd.
* * * LOW HITPOINT WARNING * * *
Reach: e) +13 scythe of Curses {drain, Drain}
Press: ? - help, Dir - move target, f/p - gnoll
Aim: a gnoll, wielding a +0 halberd (almost dead, about 26% to evade the +13 scythe of Curses)
You reach to attack!
You closely miss the gnoll.
The gnoll is almost dead.
The gnoll barely misses you. x3; The gnoll misses you.
Reach: e) +13 scythe of Curses {drain, Drain}
Press: ? - help, Dir - move target, f/p - gnoll
Aim: a gnoll, wielding a +0 halberd (almost dead, about 26% to evade the +13 scythe of Curses)
You reach to attack!
You closely miss the gnoll.
The gnoll is almost dead.
The gnoll misses you. The gnoll barely misses you.
The gnoll closely misses you. x2
Reach: e) +13 scythe of Curses {drain, Drain}
Press: ? - help, Dir - move target, f/p - gnoll
Aim: a gnoll, wielding a +0 halberd (almost dead, about 26% to evade the +13 scythe of Curses)
You reach to attack!
You puncture the gnoll!
You kill the gnoll!
The gnoll barely misses you.
Reach: e) +13 scythe of Curses {drain, Drain}
Press: ? - help, Dir - move target, f - gnoll
Aim: a gnoll, wielding a +0 halberd (about 26% to evade the +13 scythe of Curses)
You reach to attack!
You closely miss the gnoll.
The gnoll hits you from afar with a +0 halberd.
* * * LOW HITPOINT WARNING * * *
The gnoll hits you from afar with a +0 halberd.
* * * LOW HITPOINT WARNING * * *
Reach: e) +13 scythe of Curses {drain, Drain}
Press: ? - help, Dir - move target, f/p - gnoll
Aim: a gnoll, wielding a +0 halberd (about 26% to evade the +13 scythe of Curses)
You reach to attack!
You barely miss the gnoll. The gnoll closely misses you.
An iguana comes into view.
The gnoll hits you from afar with a +0 halberd!
You die...

..# #.# #..#
..# #.######
#..# ..#
#......# #..#
..#
######.####..#
..# #.##....#
..# #.##.#..#
... #.......#
{.## #.####..#
. { #.# #@.#
..#ยง.'..#
##.#..#g)#
#.####..# #..{
l..# #.. P...
~... .gP..#


You could see an iguana (wandering) and 2 gnolls.

Vanquished Creatures
  Sigmund (D:4)
  2 ogres
  A hound (D:4)
  An orc priest (D:4)
  2 gnolls (D:4)
  3 adders (D:2)
  4 worms
  A dart slug (D:3)
  3 orcs
  6 endoplasms
  2 giant cockroaches
  7 goblins
  7 hobgoblins
  10 jackals
  3 kobolds (D:4)
  A quokka (D:4)
  3 ball pythons
  7 bats
  3 frilled lizards
  5 rats
72 creatures vanquished.

Vanquished Creatures (others)
  5 fungi (D:4)
5 creatures vanquished.

Grand Total: 77 creatures vanquished

Notes
Turn   | Place    | Note
-------+----------+-------------------------------------------
     0 | D:1      | purpskrrrp the Formicid Hunter began the quest for the Orb.
     0 | D:1      | Reached XP level 1. HP: 16/16 MP: 1/1
   158 | D:1      | Found a faded altar of an unknown god.
   162 | D:1      | Got Plato's Secrets of Vitiation
   223 | D:1      | Reached XP level 2. HP: 23/23 MP: 2/2
   239 | D:1      | Identified 3 scrolls of acquirement
   239 | D:1      | Acquired a +1 cloak of preservation
   240 | D:1      | Acquired a +2 vorpal shortbow
   282 | D:1      | Acquired the +13 scythe of Curses {drain, Drain}
   282 | D:1      | Found the +13 scythe of Curses {drain, Drain}
   583 | D:2      | Reached XP level 3. HP: 27/28 MP: 3/3
   773 | D:2      | Found a bloodstained altar of Trog.
  1009 | D:2      | Reached skill level 1 in Polearms
  1055 | D:2      | Reached XP level 4. HP: 34/34 MP: 4/4
  1168 | D:2      | Reached skill level 1 in Armour
  1457 | D:3      | Found Isonomam's Assorted Antiques.
  1710 | D:3      | Noticed an ogre
  1717 | D:3      | Killed an ogre
  1718 | D:3      | Reached XP level 5. HP: 10/41 MP: 5/5
  2078 | D:4      | Noticed Sigmund
  2083 | D:4      | Killed Sigmund
  2084 | D:4      | Reached XP level 6. HP: 45/48 MP: 6/6
  2192 | D:4      | Noticed an ogre
  2196 | D:4      | Killed an ogre
  2197 | D:4      | Reached XP level 7. HP: 55/55 MP: 7/7
  2238 | D:4      | Found an iron altar of Okawaru.
  2372 | D:4      | Slain by a gnoll

Illustrated notes

Levels and vault maps discovered:
D:1:      minmay_arrival_glassed_features, layout_loops_ring,
          shapermc_ecumenical_altar_rom_forum, nicolae_kite_square_tiling_tiny
D:2:      layout_basic, basic_altar
D:3:      layout_rooms, serial_shops, nicolae_shop_hallway_stairs
D:4:      layout_basic, okawaru_altar_gauntlet_db, dreamdust_gnoll_farm,
          uniq_sigmund, uniq_robin

Skill      XL: |  1  2  3  4  5  6 |
---------------+-------------------+-----
Dodging        | 2 |  2.1
Stealth        | 2 |  2.0
Polearms       | 1 2 3 4 |  4.6
Armour         | 2 3 |  3.4
Fighting       | 3 4 |  4.5
Ranged Weapons | |  4.2

Action                   |  1- 3 |  4- 6 |  7- 9 || total
-------------------------+-------+-------+-------++-------
Melee: Scythe            |    31 |    43 |    25 ||    99
       Punch             |     1 |       |     1 ||     2
 Fire: Shortbow          |    13 |       |       ||    13
 Abil: Dig               |     1 |       |       ||     1
  Use: Scroll            |     3 |       |       ||     3
 Stab: Sleeping          |     3 |     7 |       ||    10
Armor: Leather armour    |     8 |     5 |    11 ||    24
Dodge: Dodged            |    28 |    12 |    23 ||    63
